 Dungeon Crawl Stone Soup version 0.17.1-1-g73c8601 (webtiles) character file.

4497 zercules the Basher (level 10, -3/69 HPs)
             Began as a Pale Draconian Ice Elementalist on Jan 10, 2016.
             Was an Elder of Okawaru.
             Killed by divine providence
             ... invoked by an orc priest
              (12 damage)
             ... on level 9 of the Dungeon on Jan 11, 2016.
             The game lasted 00:54:11 (9071 turns).

zercules the Basher (DrIE)                          Turns: 9071, Time: 00:54:11

Health: -3/69      AC: 13    Str: 11    XL:     10   Next: 16%
Magic:  5/17       EV: 12    Int: 23    God:    Okawaru [****..]
Gold:   378        SH:  0    Dex: 14    Spells: 5 memorised, 2 levels left

rFire  . . .     SeeInvis .     c - +1 eveningstar "Brilliance" {holy, rN+ AC+5 Int+5}
rCold  . . .     Clarity  .     (armour unavailable)
rNeg   + . .     SustAt   .     (no shield)
rPois  .         Gourm    .     (helmet restricted)
rElec  .         Spirit   .     s - +0 cloak
rCorr  .         Warding  .     (no gloves)
rMut   .         Stasis   .     (no boots)
MR     .....                    (no amulet)
Stlth  +.........               H - +2 ring of dexterity
                                A - ring of stealth

@: glowing, not resistant to hostile enchantments, very unstealthy
A: breathe steam, unfitting armour, cold-blooded, AC +7
a: Breathe Steam, Heroism, Renounce Religion


You were on level 9 of the Dungeon.
You worshipped Okawaru.
Okawaru was greatly pleased with you.
You were not hungry.

You visited 1 branch of the dungeon, and saw 9 of its levels.

You collected 378 gold pieces.

Inventory:

Hand Weapons
 b - a +0 hunting sling
 c - the +1 eveningstar "Brilliance" (weapon) {holy, rN+ AC+5 Int+5}
   (You found it on level 7 of the Dungeon)

   It has been blessed by the Shining One to cause great damage to the undead
   and demons.
   It affects your AC (+5).
   It affects your intelligence (+5).
   It protects you from negative energy.
 x - a +0 flail of crushing
 I - a +3 scimitar of flaming
Missiles
 i - 208 stones (quivered)
 o - 20 bolts of frost
 q - a throwing net
Armour
 s - a +0 cloak (worn)
Magical Staves
 C - an uncursed staff of power
Jewellery
 y - an uncursed ring of fire
 A - a ring of stealth (left hand)
 H - a +2 ring of dexterity (right hand)
Wands
 r - a wand of confusion (27)
 v - a wand of invisibility (3)
 E - a wand of disintegration (8)
 N - a wand of teleportation (6)
Scrolls
 a - 2 scrolls of identify
 e - 2 scrolls of teleportation {unknown}
 f - a scroll of blinking {unknown}
 g - a scroll of noise {unknown}
 j - 2 scrolls of fog {unknown}
 m - 2 scrolls of amnesia {unknown}
 n - 2 scrolls of enchant armour {unknown}
 u - a scroll of magic mapping {unknown}
 w - 3 scrolls of fear {unknown}
 B - 4 scrolls of remove curse
 K - 2 scrolls of holy word {unknown}
Potions
 d - a potion of brilliance
 l - a potion of lignification
 p - 3 potions of curing
 F - a potion of poison {unknown}
 J - a potion of flight {unknown}
 L - a potion of mutation {unknown}
 Q - a potion of might {unknown}
Books
 k - a book of Frost

   Spells                             Type                      Level
   a - Freeze                         Ice                          1
   b - Throw Frost                    Conjuration/Ice              2
   c - Ozocubu's Armour               Charms/Ice                   3
   d - Throw Icicle                   Conjuration/Ice              4
   e - Summon Ice Beast               Ice/Summoning                4
   f - Condensation Shield            Ice                          4
 M - a book of Clouds

   Spells                             Type                      Level
   a - Mephitic Cloud                 Conjuration/Poison/Air       3
   b - Conjure Flame                  Conjuration/Fire             3
   c - Poisonous Cloud                Conjuration/Poison/Air       6
   d - Freezing Cloud                 Conjuration/Ice/Air          6
   e - Ring of Flames                 Charms/Fire                  7
 P - a book of Geomancy

   Spells                             Type                      Level
   a - Sandblast                      Earth                        1
   b - Stoneskin                      Transmutation/Earth          2
   c - Passwall                       Transmutation/Earth          3
   d - Stone Arrow                    Conjuration/Earth            3
   e - Petrify                        Transmutation/Earth          4
   f - Lee's Rapid Deconstruction     Earth                        5
Miscellaneous
 z - a plain deck of summoning {drawn: 1}
Comestibles
 h - 8 bread rations
 t - 3 meat rations
 D - 7 slices of pizza
 O - 3 beef jerkies
 R - 5 chunks of flesh


   Skills:
 + Level 10.2 Maces & Flails
 - Level 1.7 Dodging
 - Level 1.7 Stealth
 - Level 5.0 Spellcasting
 - Level 4.8 Conjurations
 - Level 4.4 Summonings
 - Level 7.2 Ice Magic


You had 2 spell levels left.
You knew the following spells:

 Your Spells              Type           Power        Failure   Level  Hunger
a - Freeze                Ice            ####         1%          1    None
b - Throw Frost           Conj/Ice       ####..       1%          2    None
c - Summon Ice Beast      Ice/Summ       ####....     10%         4    ####...
d - Throw Icicle          Conj/Ice       ####....     10%         4    ####...
e - Freezing Cloud        Conj/Ice/Air   ###.......   100%        6    #######


Dungeon Overview and Level Annotations

Branches:
Dungeon (9/15)             Temple (0/1) D:6             Orc (0/4) D:9
   Lair: D:8-11

Altars:
Ashenzari
Cheibriados
Elyvilon
Kikubaaqudgha
Makhleb
Nemelex Xobeh
Okawaru
Qazlal
Ru
Sif Muna
Trog
Xom
Yredelemnul
Zin

Shops:
D:8 %


Innate Abilities, Weirdness & Mutations

You can breathe blasts of scalding, opaque steam.
Your pale cyan-grey scales are hard (AC +7).
Your body does not fit into most forms of armour.
You are cold-blooded and may be slowed by cold attacks.


Message History

The orc priest hits your ice beast but does no damage.
The orc hits your ice beast but does no damage.
Your ice beast hits the orc but does no damage.
The orc priest calls down the wrath of Beogh upon you.
Something smites you!
* * * LOW HITPOINT WARNING * * *
The orc hits your ice beast but does no damage.
Your ice beast closely misses the orc.
Read which item? (? for menu, Esc to quit)
As you read the scroll of summoning, it crumbles to dust.
Wisps of shadow whirl around you...
The orc warrior hits you but does no damage.
The orc warrior hits your ice beast with a hand axe! x2
The orc priest hits your ice beast with a club.
Your ice beast closely misses the orc warrior.
Your ice beast barely misses the orc priest.
You swap places.
The orc priest calls down the wrath of Beogh upon you.
Something smites you!
You die...

... .... #.# #'# .... #
#o# ##... # #{## #... #
#..# ###.##### # ##.#
#.......# ###
#.########.......#####..
#...ooF)....).)..)).##..
##..YoY@)........##)##..
#.o.a.)h........##.##..
#......>........##)##..
#...............##.)#..
#...............###.)..
#............#'## ###..
#..#########...# ### ##.
..## # '##


You could see an orc warrior, 2 orc priests, an orc, a friendly black bear, 2
friendly ice beasts, a friendly giant frog and a friendly worker ant.

Vanquished Creatures
  The ghost of MostlySquishy the Fighter, a novice MiFi of Trog (D:7)
  Prince Ribbit (D:7)
  A yak (D:8)
  A steam dragon (D:9)
  A human (D:8)
  A black bear (D:8)
  A necrophage (D:8)
  An ice beast (D:5)
  4 orc warriors
  5 giant frogs
  A gnoll sergeant (D:7)
  2 scorpions (D:8)
  3 wights (D:8)
  2 crimson imps
  2 jellies (D:6)
  3 orc priests
  4 hounds
  Crazy Yiuf (D:2)
  A giant frog skeleton (D:5)
  4 orc wizards
  3 centaur skeletons
  Terence (D:2)
  A quasit (D:8)
  4 worker ants
  An iguana (D:8)
  3 sheep (D:8)
  A worker ant zombie (D:7)
  8 gnolls
  Robin (D:3)
  11 adders
  3 shadow imps
  3 adder skeletons
  3 worms
  2 giant geckos
  35 orcs
  10 bats
  5 giant cockroaches
  13 goblins
  6 hobgoblins
  9 jackals
  6 quokkas
  A ball python (D:4)
  A giant gecko zombie (D:5)
  3 giant newts
  2 kobolds (D:2)
  2 quokka zombies
  6 rats
184 creatures vanquished.

Vanquished Creatures (collateral kills)
  Erica (D:8)
  A hippogriff (D:9)
  A wasp (D:9)
  2 orc warriors (D:9)
  An ogre (D:8)
  A crimson imp (D:9)
  A gnoll (D:4)
  An adder skeleton (D:9)
  3 orcs (D:9)
  A goblin (D:3)
13 creatures vanquished.

Grand Total: 197 creatures vanquished

Notes
Turn   | Place    | Note
--------------------------------------------------------------
     0 | D:1      | zercules the Draconian Ice Elementalist began the quest for the Orb.
     0 | D:1      | Reached XP level 1. HP: 14/14 MP: 3/3
   357 | D:2      | Reached XP level 2. HP: 20/20 MP: 1/5
   364 | D:2      | Learned a level 2 spell: Throw Frost
   464 | D:2      | Found a basalt altar of Yredelemnul.
   508 | D:2      | Found a bloodstained altar of Trog.
   545 | D:2      | Found an iron altar of Okawaru.
   554 | D:2      | Became a worshipper of Warmaster Okawaru
   683 | D:2      | Noticed Terence
   699 | D:2      | Killed Terence
   699 | D:2      | Reached XP level 3. HP: 20/26 MP: 3/7
   987 | D:2      | Reached XP level 4. HP: 26/33 MP: 5/9
  1012 | D:2      | Found a deep blue altar of Sif Muna.
  1159 | D:2      | Noticed Crazy Yiuf
  1171 | D:2      | Killed Crazy Yiuf
  1582 | D:3      | Reached skill level 4 in Spellcasting
  1583 | D:3      | Noticed Robin
  1615 | D:3      | Killed Robin
  1745 | D:3      | Reached XP level 5. HP: 38/38 MP: 4/11
  2368 | D:3      | Found a sparkling altar of Nemelex Xobeh.
  2477 | D:3      | Found a shimmering altar of Xom.
  2507 | D:3      | Found a burning altar of Makhleb.
  2507 | D:3      | Found a stormy altar of Qazlal.
  2577 | D:4      | Found a snail-covered altar of Cheibriados.
  3258 | D:4      | Reached XP level 6. HP: 37/45 MP: 2/13
  3418 | D:4      | Reached skill level 5 in Ice Magic
  3420 | D:4      | Reached * piety under Okawaru
  3516 | D:4      | Reached skill level 5 in Spellcasting
  3824 | D:4      | Learned a level 4 spell: Summon Ice Beast
  3870 | D:5      | Entered Level 5 of the Dungeon
  4025 | D:5      | Found a shattered altar of Ashenzari.
  4240 | D:5      | Your scales start taking on a pale cyan-grey colour.
  4240 | D:5      | Reached XP level 7. HP: 31/50 MP: 11/14
  4478 | D:5      | Found a glowing silver altar of Zin.
  5045 | D:6      | Found an iron altar of Okawaru.
  5163 | D:6      | Reached skill level 6 in Ice Magic
  5239 | D:6      | Found a white marble altar of Elyvilon.
  5360 | D:6      | Found a staircase to the Ecumenical Temple.
  5530 | D:6      | Found an ancient bone altar of Kikubaaqudgha.
  5957 | D:7      | Noticed Prince Ribbit
  6061 | D:7      | Killed Prince Ribbit
  6061 | D:7      | Reached ** piety under Okawaru
  6061 | D:7      | Reached skill level 7 in Ice Magic
  6061 | D:7      | Reached XP level 8. HP: 57/57 MP: 12/15
  6068 | D:7      | Learned a level 4 spell: Throw Icicle
  6438 | D:7      | Reached skill level 1 in Maces & Flails
  6438 | D:7      | Reached skill level 1 in Summonings
  6930 | D:7      | Found a sacrificial altar of Ru.
  6967 | D:7      | Noticed MostlySquishy's ghost (novice MiFi)
  6977 | D:7      | Killed MostlySquishy's ghost
  6977 | D:7      | Reached XP level 9. HP: 47/62 MP: 14/16
  7052 | D:8      | Noticed Erica
  7070 | D:8      | Killed Erica
  7070 | D:8      | Reached *** piety under Okawaru
  7610 | D:8      | Found Hiblauhe's Food Shop.
  7678 | D:8      | Reached skill level 8 in Maces & Flails
  7914 | D:8      | Reached **** piety under Okawaru
  7914 | D:8      | Reached skill level 9 in Maces & Flails
  8189 | D:9      | Learned a level 6 spell: Freezing Cloud
  8323 | D:9      | Paralysed by a wasp for 1 turns
  8337 | D:9      | Reached XP level 10. HP: 42/69 MP: 8/17
  8678 | D:9      | Reached skill level 10 in Maces & Flails
  8965 | D:9      | Found a staircase to the Orcish Mines.
  9071 | D:9      | Killed from afar by an orc priest

Action                   |  1- 3 |  4- 6 |  7- 9 | 10-12 || total
-------------------------+-------+-------+-------+-------++-------
Melee: Unarmed           |     4 |       |       |       ||     4
       Short sword       |     8 |    59 |       |       ||    67
       Quarterstaff      |       |     6 |       |       ||     6
       Flail             |       |    85 |    15 |       ||   100
       Staff             |       |       |     9 |       ||     9
       Eveningstar       |       |       |   141 |    65 ||   206
 Fire: Hunting sling     |     9 |    12 |     1 |       ||    22
 Cast: Freeze            |    34 |    91 |    51 |     5 ||   181
       Throw Frost       |       |    24 |    29 |     1 ||    54
       Summon Ice Beast  |       |       |     2 |     6 ||     8
Invok: Heroism           |       |     1 |     7 |       ||     8
Evoke: Deck              |       |     1 |       |       ||     1
       Wand              |       |       |     1 |       ||     1
  Use: Scroll            |       |     5 |     5 |     1 ||    11
       Potion            |       |     2 |     2 |       ||     4
 Stab: Sleeping          |       |     7 |     1 |       ||     8
       Distracted        |       |     1 |       |       ||     1
  Eat: Chunk             |       |    11 |     9 |     3 ||    23
       Meat ration       |       |       |     1 |       ||     1
       Fruit             |       |       |     1 |       ||     1
